 Dungeon Crawl Stone Soup version 0.25.1-2-g60ff931df9 (webtiles) character file.

Game seed: 9280903685184561909

832 DerDa the Covered (level 7, -3/56 HPs)
             Began as a Gnoll Wanderer on Aug 21, 2020.
             Was an Initiate of Okawaru.
             Slain by an ice beast (5 damage)
             ... on level 5 of the Dungeon.
             The game lasted 00:07:47 (5009 turns).

DerDa the Covered (Gnoll Wanderer)                  Turns: 5009, Time: 00:07:49

Health: -3/56      AC:  6    Str: 15      XL:     7   Next: 98%
Magic:  13/13      EV: 12    Int: 12 (13) God:    Okawaru [......]
Gold:   304        SH:  0    Dex: 18 (19) Spells: 13/14 levels left

rFire    . . .     SeeInvis .   g - +5 war axe of the Pyrrhic Victory {holy, Dex+2}
rCold    . . .     Gourm    .   (no shield)
rNeg     . . .     Faith    .   i - +0 ring mail
rPois    .         Spirit   .   (helmet restricted)
rElec    .         Reflect  .   (no cloak)
rCorr    .         Harm     .   (no gloves)
MR       .....                  (no boots)
Stlth    ++........             (no amulet)
HPRegen  0.18/turn              (no ring)
MPRegen  0.13/turn              (no ring)

@: no status effects
A: distributed training, antennae 1, fangs 1, deterioration 1, MP-powered wands,
strong nose
a: Renounce Religion


You were on level 5 of the Dungeon.
You worshipped Okawaru.
Okawaru was noncommittal.
You were not hungry.

You visited 2 branches of the dungeon, and saw 6 of its levels.

You collected 304 gold pieces.

Inventory:

Hand Weapons
 g - the +5 war axe of the Pyrrhic Victory (weapon) {holy, Dex+2}
   (You found it on level 4 of the Dungeon)

   It has been blessed by the Shining One to cause great damage to the undead
   and demons.
   It affects your dexterity (+2).
Missiles
 h - 282 stones
 s - 3 silver boomerangs
 x - 18 bolts
 y - 19 poisoned darts (quivered)
 z - 13 sling bullets
Armour
 d - a +0 robe
 i - a +0 ring mail (worn)
Jewellery
 a - the ring of Secrets {rC+ Stlth-, unknown}
   (You found it on level 4 of the Dungeon)

   [ring of attention]

   It protects you from cold.
   It makes you less stealthy.
Wands
 q - a wand of iceblast (7)
Scrolls
 b - 3 scrolls of remove curse {unknown}
 c - 3 scrolls of teleportation
 e - 8 scrolls of identify {unknown}
 j - 2 scrolls of amnesia {unknown}
 l - a scroll of magic mapping {unknown}
 o - a scroll of blinking {unknown}
 v - 3 scrolls of immolation {unknown}
 A - a scroll of fear {unknown}
 B - 2 scrolls of enchant weapon {unknown}
Potions
 k - a potion of heal wounds
 n - a potion of invisibility {unknown}
 p - 2 potions of berserk rage
 r - 4 potions of lignification {unknown}
 t - 2 potions of flight {unknown}
 u - a potion of curing {unknown}
 w - 2 potions of might {unknown}
 C - a potion of stabbing {unknown}
Comestibles
 f - 9 rations
 m - 3 chunks of flesh


   Skills:
 + Level 5.4 Fighting
 + Level 2.7 Short Blades
 + Level 2.7 Long Blades
 + Level 2.7 Axes
 + Level 3.8 Maces & Flails
 + Level 2.7 Polearms
 + Level 2.7 Staves
 + Level 2.7 Slings
 + Level 2.7 Bows
 + Level 2.7 Crossbows
 + Level 2.7 Throwing
 + Level 5.4 Armour
 + Level 2.7 Dodging
 + Level 2.7 Stealth
 + Level 3.8 Shields
 + Level 2.7 Unarmed Combat
 + Level 4.0 Spellcasting
 + Level 2.2 Conjurations
 + Level 2.2 Hexes
 + Level 2.2 Charms
 + Level 2.2 Summonings
 + Level 3.1 Necromancy
 + Level 2.2 Translocations
 + Level 2.2 Transmutations
 + Level 2.2 Fire Magic
 + Level 2.2 Ice Magic
 + Level 3.1 Air Magic
 + Level 2.2 Earth Magic
 + Level 2.2 Poison Magic
 + Level 3.0 Invocations
 + Level 3.8 Evocations


You had 13 spell levels left.
You knew the following spells:

 Your Spells              Type           Power        Failure   Level  Hunger
a - Magic Dart            Conj           #...         16%         1    #......

Your spell library contained the following spells:

 Spells                   Type           Power        Failure   Level  Hunger
 Blink                    Tloc           N/A          24%         2    ##.....
 Call Imp                 Summ           #.......     24%         2    ##.....
 Slow                     Hex            #.......     24%         2    ##.....
 Mephitic Cloud           Conj/Pois/Air  #.......     41%         3    ###....
 Conjure Flame            Conj/Fire      #.......     43%         3    ###....


Dungeon Overview and Level Annotations

Branches:
Dungeon (5/15)             Temple (1/1) D:5

Altars:
Ashenzari
Cheibriados
Dithmenos
Elyvilon
Fedhas
Gozag
Hepliaklqana
Kikubaaqudgha
Makhleb
Nemelex Xobeh
Okawaru
Qazlal
Ru
Sif Muna
Uskayaw
Vehumet
Wu Jian
Xom
Yredelemnul
Zin
The Shining One


Innate Abilities, Weirdness & Mutations

Your experience applies equally to all skills.
You have very sharp teeth.
Your uncanny sense of smell can sniff out nearby items.
You have a pair of small antennae on your head.
Your body sometimes deteriorates upon taking damage.
You expend magic power (3 MP) to strengthen your wands.


Message History

The ice beast misses you. The ice beast hits you. The ice beast freezes you!
You slash the ice beast!
The ice beast is severely wounded.
The ice beast hits you. The ice beast freezes you!
Your body deteriorates!
You feel clumsy.
You are too injured to fight recklessly!
You are too injured to fight recklessly!
You barely miss the ice beast.
The ice beast is severely wounded.
The ice beast hits you.
* * * LOW HITPOINT WARNING * * *
The ice beast freezes you!
* * * LOW HITPOINT WARNING * * *
You slash the ice beast!
You bite the ice beast, but do no damage.
The ice beast is almost dead.
The ice beast hits you.
* * * LOW HITPOINT WARNING * * *
The ice beast freezes you.
You die...

###########
......Y@..#
#########.#
#.(# ###.##
∆ #...#
##.### #..#
##.## ∆
#..#


You could see an ice beast.

Vanquished Creatures
  Grinder (D:3)
  A centaur (D:5)
  A water moccasin zombie (D:5)
  2 scorpions
  A crimson imp (D:5)
  A centaur zombie (D:5)
  2 hounds
  An orc priest (D:3)
  An orc wizard (D:2)
  2 worker ants
  A hound skeleton (D:5)
  7 adders
  A shadow imp (D:5)
  An ooze (D:3)
  A worm (D:3)
  5 dart slugs
  A leopard gecko (D:4)
  10 orcs
  2 ball pythons
  4 bats
  4 giant cockroaches
  6 goblins
  7 hobgoblins
  8 jackals
  8 kobolds
  3 quokkas
  6 frilled lizards
  5 rats
93 creatures vanquished.

Notes
Turn   | Place    | Note
-------+----------+-------------------------------------------
     0 | D:1      | DerDa the Gnoll Wanderer began the quest for the Orb.
     0 | D:1      | DerDa set off with the following items: a +0 mace, a scroll
                  | of teleportation, a +0 robe, a ration; and the following
                  | spell memorised: Magic Dart; and the following spells
                  | available to memorise: Blink, Call Imp, Slow, Mephitic
                  | Cloud, Conjure Flame
     0 | D:1      | Reached XP level 1. HP: 20/20 MP: 4/4
   169 | D:1      | Reached XP level 2. HP: 5/26 MP: 5/5
   924 | D:1      | Reached XP level 3. HP: 29/31 MP: 7/7
  1152 | D:2      | Noticed a scorpion
  1161 | D:2      | Killed a scorpion
  1161 | D:2      | Reached skill level 1 in Short Blades
  1161 | D:2      | Reached skill level 1 in Long Blades
  1161 | D:2      | Reached skill level 1 in Axes
  1161 | D:2      | Reached skill level 1 in Polearms
  1161 | D:2      | Reached skill level 1 in Staves
  1161 | D:2      | Reached skill level 1 in Slings
  1161 | D:2      | Reached skill level 1 in Bows
  1161 | D:2      | Reached skill level 1 in Crossbows
  1161 | D:2      | Reached skill level 1 in Throwing
  1161 | D:2      | Reached skill level 1 in Dodging
  1161 | D:2      | Reached skill level 1 in Stealth
  1161 | D:2      | Reached skill level 1 in Unarmed Combat
  1161 | D:2      | Reached skill level 1 in Invocations
  1161 | D:2      | Reached XP level 4. HP: 28/38 MP: 8/8
  1487 | D:2      | Reached skill level 1 in Conjurations
  1487 | D:2      | Reached skill level 1 in Hexes
  1487 | D:2      | Reached skill level 1 in Charms
  1487 | D:2      | Reached skill level 1 in Summonings
  1487 | D:2      | Reached skill level 1 in Translocations
  1487 | D:2      | Reached skill level 1 in Transmutations
  1487 | D:2      | Reached skill level 1 in Fire Magic
  1487 | D:2      | Reached skill level 1 in Ice Magic
  1487 | D:2      | Reached skill level 1 in Earth Magic
  1487 | D:2      | Reached skill level 1 in Poison Magic
  1738 | D:3      | Reached XP level 5. HP: 42/43 MP: 9/9
  1785 | D:2      | HP: 1/43 [something/magic dart (6)]
  2633 | D:3      | Reached XP level 6. HP: 46/50 MP: 10/10
  3226 | D:3      | Noticed Grinder
  3236 | D:3      | Gained mutation: You expend magic power (3 MP) to
                  | strengthen your wands. [potion of mutation]
  3236 | D:3      | Gained mutation: Your body sometimes deteriorates upon
                  | taking damage. [potion of mutation]
  3236 | D:3      | Gained mutation: You have a pair of small antennae on your
                  | head. [potion of mutation]
  3238 | D:3      | Paralysed by Grinder for 2 turns
  3246 | D:3      | Killed Grinder
  3246 | D:3      | Reached skill level 5 in Fighting
  3246 | D:3      | Reached skill level 5 in Armour
  3246 | D:3      | Reached XP level 7. HP: 56/56 MP: 12/12
  3734 | D:4      | Got a crude war axe
  3734 | D:4      | Identified the +5 war axe of the Pyrrhic Victory {holy,
                  | Dex+2} (You found it on level 4 of the Dungeon)
  4154 | D:4      | Got a glittering jade ring
  4183 | D:5      | Entered Level 5 of the Dungeon
  4189 | D:5      | Found a staircase to the Ecumenical Temple.
  4201 | Temple   | Entered the Ecumenical Temple
  4376 | Temple   | Became a worshipper of Warmaster Okawaru
  5009 | D:5      | HP: 2/56 [ice beast (2)]
  5009 | D:5      | Slain by an ice beast

Illustrated notes

Levels and vault maps discovered:
D:1:      minmay_arrival_up_and_down, layout_basic
D:2:      layout_rooms, kennysheep_generic_room_5
D:3:      layout_basic, uniq_grinder
D:4:      layout_rooms, first_ration
D:5:      layout_rooms, minmay_temple_entry_glass
Temple:   kilobyte_greek_temple

Skill      XL: |  1  2  3  4  5  6  7 |
---------------+----------------------+-----
Necromancy     | 2 3 |  3.1
Air Magic      | 2 3 |  3.1
Short Blades   | 1 2 |  2.7
Long Blades    | 1 2 |  2.7
Axes           | 1 2 |  2.7
Polearms       | 1 2 |  2.7
Staves         | 1 2 |  2.7
Slings         | 1 2 |  2.7
Bows           | 1 2 |  2.7
Crossbows      | 1 2 |  2.7
Throwing       | 1 2 |  2.7
Dodging        | 1 2 |  2.7
Stealth        | 1 2 |  2.7
Unarmed Combat | 1 2 |  2.7
Spellcasting   | 3 4 |  4.0
Invocations    | 1 2 3 |  3.0
Conjurations   | 1 2 |  2.2
Hexes          | 1 2 |  2.2
Charms         | 1 2 |  2.2
Summonings     | 1 2 |  2.2
Translocations | 1 2 |  2.2
Transmutations | 1 2 |  2.2
Fire Magic     | 1 2 |  2.2
Ice Magic      | 1 2 |  2.2
Earth Magic    | 1 2 |  2.2
Poison Magic   | 1 2 |  2.2
Maces & Flails | 3 |  3.8
Shields        | 3 |  3.8
Evocations     | 3 |  3.8
Fighting       | 5 |  5.4
Armour         | 5 |  5.4

Action                   |  1- 3 |  4- 6 |  7- 9 || total
-------------------------+-------+-------+-------++-------
Melee: Mace              |    87 |     8 |       ||    95
       Bite              |    11 |    23 |    12 ||    46
       Long sword        |       |   136 |    19 ||   155
       Punch             |       |     3 |     2 ||     5
       War axe           |       |       |    62 ||    62
Evoke: Wand              |       |     1 |       ||     1
  Use: Potion            |       |     4 |       ||     4
 Stab: Sleeping          |       |     1 |     2 ||     3
  Eat: Chunk             |     1 |     7 |     5 ||    13
Armor: Robe              |     7 |       |       ||     7
       Ring mail         |    32 |    74 |    29 ||   135
Dodge: Dodged            |    51 |    95 |    69 ||   215
       Rpst.: Long sword |       |    27 |     2 ||    29
